Mulligans vs Knights
Created - February 26, 2019 at 19:25
Goals
|
| Mulligans |
4 |
4 |
0 |
8 |
| Knights |
2 |
2 |
1 |
5 |
|
Shots
|
| Mulligans |
14 |
15 |
2 |
31 |
| Knights |
11 |
13 |
3 |
27 |
|
1st period
1. Mulligans , Eric Tangradi 31 (Maxime Macenauer 25) at 4:14
2. Mulligans , Drayson Bowman 13 (Matt Donovan 50, Calvin Pickard) at 8:28
3. Mulligans , Drayson Bowman 14 (Ben Hutton 16, Anton Lander 26) at 12:05
4. Knights , Zach Trotman 3 (Tomas Kundratek 32, Ronalds Kenins 4) at 14:38
5. Knights , Josh Bailey 18 (Ronalds Kenins 5, Cody Bass 7) at 15:29
6. Mulligans , Nick Bonino 43 (Eric Tangradi 37, Matt Donovan 51) at 19:51 (PP)
Penalties :
Zach Trotman (Lon) for Roughing (Minor) at 18:10
2nd period
7. Mulligans , Eric Tangradi 32 (Cody Goloubef 26, Jonathan Tremblay 17) at 0:39
8. Mulligans , Nick Bonino 44 (Jonathan Tremblay 18, Eric Tangradi 38) at 1:49
9. Knights , Cody Bass 4 (Ronalds Kenins 6, Michael Matheson 14) at 8:49
10. Mulligans , Drayson Bowman 15 (Anton Lander 27, Logan Shaw 21) at 12:05
11. Mulligans , Anton Lander 26 (Cody Goloubef 27, Logan Shaw 22) at 15:44 (PP)
12. Knights , Noel Acciari 32 (Linden Vey 28, Michael Raffl 38) at 16:12
Penalties :
Michael Raffl (Lon) for Hooking (Minor) at 2:12, Cody Bass (Lon) for Cross-checking (Minor) at 15:05
3rd period
13. Knights , Linden Vey 19 (Tomas Kundratek 33) at 4:28
Penalties :
Jonathan Tremblay (Rep) for Hooking (Minor) at 4:41, Cody Goloubef (Rep) for Cross-checking (Minor) at 19:28
Goalie Stats
Calvin Pickard (Rep), 22 saves from 27 shots - (0.815), W, 14-12-5, 60:00 minutes
Ben Scrivens (Lon), 16 saves from 20 shots - (0.800), 44:07 minutes
Magnus Hellberg (Lon), 7 saves from 11 shots - (0.636), L, 10-9-0, 15:53 minutes
Players Stats for Mulligans
Player Name G A P +/- PIM S H SB GA TA FO MP PP MP PK MP
------------------------------------------------------------------------------------
Anton Lander 1 2 3 2 0 4 0 1 0 0 4/14 15:23 1:33 0:51
Ben Hutton 0 1 1 -2 0 1 0 0 0 3 0/0 18:50 1:22 0:00
Cade Fairchild 0 0 0 3 0 1 1 1 0 0 0/0 13:14 0:00 0:00
Christoph Bertschy 0 0 0 -1 0 0 0 1 1 0 1/2 8:40 0:00 0:00
Cody Goloubef 0 2 2 0 2 1 0 3 1 0 0/0 22:12 2:57 1:07
Dalton Thrower 0 0 0 0 0 0 1 0 0 0 0/0 7:04 0:00 1:23
Darren Dietz 0 0 0 3 0 0 0 2 0 0 0/0 13:39 0:00 0:52
Drayson Bowman 3 0 3 2 0 5 1 0 0 0 0/0 15:06 1:33 0:48
Eric Tangradi 2 2 4 1 0 7 2 2 2 0 1/1 21:55 2:46 1:11
Jonathan Tremblay 0 2 2 1 2 3 1 0 0 0 1/2 20:51 2:41 0:00
Joonas Donskoi 0 0 0 -1 0 3 0 0 0 0 1/1 13:31 0:00 0:00
Logan Shaw 0 2 2 2 0 1 5 0 0 0 0/0 14:28 1:33 0:00
Matt Beleskey 0 0 0 -1 0 1 0 0 0 0 0/0 9:03 0:00 0:37
Matt Donovan 0 2 2 0 0 1 1 3 0 0 0/0 26:16 2:57 1:38
Maxime Macenauer 0 1 1 -1 0 0 2 0 2 0 2/5 14:02 0:00 0:21
Michael Sdao 0 0 0 -2 0 0 3 1 0 0 0/0 19:01 1:22 0:00
Nick Bonino 2 0 2 1 0 3 2 0 0 0 23/35 21:56 2:46 1:12
Sven Baertschi 0 0 0 -1 0 0 1 0 0 0 0/0 13:39 0:05 0:00
Valeri Nichushkin 0 0 0 -1 0 0 1 0 0 0 0/0 8:38 0:00 0:00
Players Stats for Knights
Player Name G A P +/- PIM S H SB GA TA FO MP PP MP PK MP
------------------------------------------------------------------------------------
A.J. Jenks 0 0 0 0 0 0 1 0 0 0 0/0 7:40 0:00 0:00
Alan Quine 0 0 0 0 0 0 0 0 0 0 0/0 0:00 0:00 0:00
Boone Jenner 0 0 0 0 0 0 0 0 0 0 1/1 7:47 0:17 0:00
Brandon Saad 0 0 0 -3 0 0 1 0 0 0 0/0 10:48 0:29 0:09
Brendan Gaunce 0 0 0 0 0 0 0 0 0 0 0/0 0:00 0:00 0:00
Brett Connolly 0 0 0 0 0 0 0 0 0 0 0/0 0:51 0:42 0:00
Cody Bass 1 1 2 2 2 4 2 1 2 0 11/27 21:20 1:12 1:56
Collin Miller 0 0 0 -1 0 0 0 0 0 0 0/0 12:00 0:33 0:00
David Shields 0 0 0 0 0 0 0 0 0 0 0/0 4:55 0:33 0:00
Jaccob Slavin 0 0 0 -1 0 0 0 0 0 3 0/0 19:37 1:57 1:23
Jordan Martinook 0 0 0 0 0 0 1 0 0 0 0/0 1:10 0:33 0:00
Josh Bailey 1 0 1 2 0 4 1 0 0 0 0/0 20:33 1:12 1:08
Linden Vey 1 1 2 0 0 7 1 0 0 0 0/0 17:17 0:28 0:00
Ludwig Bystrom 0 0 0 -1 0 0 0 0 0 1 0/0 12:32 0:00 1:08
Michael Matheson 0 1 1 -1 0 0 1 1 0 0 0/0 19:21 1:57 1:23
Michael Raffl 0 1 1 0 2 1 2 0 0 0 1/2 18:23 0:28 1:07
Miro Aaltonen 0 0 0 -3 0 2 1 1 0 0 3/7 10:20 0:00 0:00
Noel Acciari 1 0 1 0 0 2 1 0 0 0 8/17 17:41 0:28 0:16
Pavel Buchnevich 0 0 0 0 0 0 0 0 0 0 0/0 7:40 0:00 0:00
Ronalds Kenins 0 3 3 2 0 3 1 1 1 0 3/5 22:00 1:12 2:35
Scott Wilson 0 0 0 0 0 0 0 0 0 0 0/1 1:27 0:00 1:27
Tom Wilson 0 0 0 -3 0 1 3 1 0 0 0/0 10:42 0:29 0:00
Tomas Kundratek 0 2 2 1 0 2 2 3 0 2 0/0 27:49 0:00 2:56
Vince Hinostroza 0 0 0 0 0 0 0 0 0 0 0/0 0:00 0:00 0:00
Zach Trotman 1 0 1 1 2 1 0 2 0 0 0/0 23:45 0:00 1:48
3 Stars
1 - Drayson Bowman (Rep)
2 - Eric Tangradi (Rep)
3 - Anton Lander (Rep)
Power Play
Mulligans - 2 on 3 Attempt(s) - 66.67%
Knights - 0 on 2 Attempt(s) - 0.00%
Penalty Kill
Mulligans - 2 on 2 Attempt(s) - 100.00%
- Score 0 goal in Penalty Kill
Knights - 1 on 3 Attempt(s) - 33.33%
- Score 0 goal in Penalty Kill
Team Stat
Mulligans - Hits : 21 - Faceoff Wins : 33 - Blocked Shots : 14 - Penalty Minutes : 4
Knights - Hits : 18 - Faceoff Wins : 27 - Blocked Shots : 10 - Penalty Minutes : 6
Official
Referees : Unknown
Linesman : Unknown
Game Notes
Magnus Hellberg enters game at 19:51 of 1st period
Drayson Bowman has scored a Hat Trick!
Ben Scrivens enters game at 15:44 of 2nd period
Finance
Level 1 -- Attendance: 1473 (73.65%) -- Ticket Income $36,825
Level 2 -- Attendance: 688 (68.80%) -- Ticket Income $8,944
Total Attendance: 2161 (72.03%)
Total Ticket Income: $45,769
Other Income: $2,288
Total Income: $48,057
Mulligans
5 vs 5 Forward
Center Left Wing Right Wing Time % Phy DF OF
1 Nick Bonino Eric Tangradi Jonathan Tremblay 40 0 2 3
2 Anton Lander Drayson Bowman Logan Shaw 30 0 2 3
3 Maxime Macenauer Sven Baertschi Joonas Donskoi 20 0 2 3
4 Christoph Bertschy Matt Beleskey Valeri Nichushkin 10 0 2 3
5 vs 5 Defense
Defense Defense Time % Phy DF OF
1 Matt Donovan Cody Goloubef 40 0 3 2
2 Michael Sdao Ben Hutton 30 0 3 2
3 Cade Fairchild Darren Dietz 20 0 3 2
4 Dalton Thrower Matt Donovan 10 0 3 2
PowerPlay Forward
Center Left Wing Right Wing Time % Phy DF OF
1 Nick Bonino Eric Tangradi Jonathan Tremblay 60 0 1 4
2 Anton Lander Drayson Bowman Logan Shaw 40 0 1 4
PowerPlay Defense
Defense Defense Time % Phy DF OF
1 Matt Donovan Cody Goloubef 60 0 2 3
2 Michael Sdao Ben Hutton 40 0 2 3
Penalty Kill 4 Players Forward
Center Wing Time % Phy DF OF
1 Nick Bonino Eric Tangradi 60 0 3 2
2 Anton Lander Maxime Macenauer 40 0 3 2
Penalty Kill 4 Players Defense
Defense Defense Time % Phy DF OF
1 Matt Donovan Cody Goloubef 60 1 4 0
2 Michael Sdao Ben Hutton 40 1 4 0
Penalty Kill - 3 Players Forward
Forward Time % Phy DF OF
1 Nick Bonino 60 1 3 1
2 Eric Tangradi 40 1 3 1
Penalty Kill - 3 Players Defense
Defense Defense Time % Phy DF OF
1 Matt Donovan Cody Goloubef 60 1 4 0
2 Michael Sdao Ben Hutton 40 1 4 0
4 vs 4 Forward
Center Wing Time % Phy DF OF
1 Nick Bonino Eric Tangradi 60 0 2 3
2 Anton Lander Maxime Macenauer 40 0 2 3
4 vs 4 Defense
Defense Defense Time % Phy DF OF
1 Matt Donovan Cody Goloubef 60 0 3 2
2 Michael Sdao Ben Hutton 40 0 3 2
Last Minutes Offensive
Center Left Wing Right Wing Defense Defense
Nick Bonino Eric Tangradi Jonathan Tremblay Matt Donovan Cody Goloubef
Last Minutes Defensive
Center Left Wing Right Wing Defense Defense
Nick Bonino Eric Tangradi Jonathan Tremblay Matt Donovan Cody Goloubef
Goaltenders
Starting : Calvin Pickard
Backup : Juuse Saros
Extra Forwards
Normal : Sven Baertschi, Joonas Donskoi, Valeri Nichushkin - PP : Sven Baertschi, Joonas Donskoi - PK : Matt Beleskey
Extra Defensemen
Normal : Cade Fairchild, Darren Dietz, Dalton Thrower - PP : Cade Fairchild - PK : Darren Dietz, Dalton Thrower
Penalty Shots
Nick Bonino, Eric Tangradi, Anton Lander, Maxime Macenauer, Jonathan Tremblay
Scratches
Reid Boucher (Healthy), Nick Moutrey (Healthy), John Hayden (Healthy), Jonny Brodzinski (Healthy), Marek Langhamer (Healthy)
Knights
5 vs 5 Forward
Center Left Wing Right Wing Time % Phy DF OF
1 Cody Bass Ronalds Kenins Josh Bailey 40 1 2 2
2 Noel Acciari Michael Raffl Linden Vey 30 1 2 2
3 Miro Aaltonen Brandon Saad Tom Wilson 20 1 2 2
4 Boone Jenner A.J. Jenks Pavel Buchnevich 10 1 2 2
5 vs 5 Defense
Defense Defense Time % Phy DF OF
1 Tomas Kundratek Zach Trotman 40 1 2 2
2 Jaccob Slavin Michael Matheson 30 1 2 2
3 Collin Miller Ludwig Bystrom 20 1 2 2
4 David Shields Tomas Kundratek 10 1 2 2
PowerPlay Forward
Center Left Wing Right Wing Time % Phy DF OF
1 Cody Bass Ronalds Kenins Josh Bailey 60 1 2 2
2 Noel Acciari Michael Raffl Linden Vey 40 1 2 2
PowerPlay Defense
Defense Defense Time % Phy DF OF
1 Tomas Kundratek Zach Trotman 60 1 2 2
2 Jaccob Slavin Michael Matheson 40 1 2 2
Penalty Kill 4 Players Forward
Center Wing Time % Phy DF OF
1 Ronalds Kenins Cody Bass 60 1 2 2
2 Michael Raffl Josh Bailey 40 1 2 2
Penalty Kill 4 Players Defense
Defense Defense Time % Phy DF OF
1 Tomas Kundratek Zach Trotman 60 1 2 2
2 Jaccob Slavin Michael Matheson 40 1 2 2
Penalty Kill - 3 Players Forward
Forward Time % Phy DF OF
1 Ronalds Kenins 60 1 2 2
2 Cody Bass 40 1 2 2
Penalty Kill - 3 Players Defense
Defense Defense Time % Phy DF OF
1 Tomas Kundratek Zach Trotman 60 1 2 2
2 Jaccob Slavin Michael Matheson 40 1 2 2
4 vs 4 Forward
Center Wing Time % Phy DF OF
1 Ronalds Kenins Cody Bass 60 1 2 2
2 Michael Raffl Josh Bailey 40 1 2 2
4 vs 4 Defense
Defense Defense Time % Phy DF OF
1 Tomas Kundratek Zach Trotman 60 1 2 2
2 Jaccob Slavin Michael Matheson 40 1 2 2
Last Minutes Offensive
Center Left Wing Right Wing Defense Defense
Cody Bass Ronalds Kenins Josh Bailey Tomas Kundratek Zach Trotman
Last Minutes Defensive
Center Left Wing Right Wing Defense Defense
Cody Bass Ronalds Kenins Josh Bailey Tomas Kundratek Zach Trotman
Goaltenders
Starting : Ben Scrivens
Backup : Magnus Hellberg
Extra Forwards
Normal : Jordan Martinook, Brett Connolly, Scott Wilson - PP : Jordan Martinook, Brett Connolly - PK : Scott Wilson
Extra Defensemen
Normal : Collin Miller, Ludwig Bystrom, David Shields - PP : Collin Miller - PK : Ludwig Bystrom, David Shields
Penalty Shots
Ronalds Kenins, Cody Bass, Michael Raffl, Josh Bailey, Noel Acciari
Scratches
Zach Nastasiuk (Healthy), Matt Puempel (Healthy), Matthew Benning (Healthy), Trevor Moore (Healthy), Curtis Valk (Healthy)
Anthony Louis (Healthy), Travis Boyd (Healthy), Nicolas Petan (Healthy), Anton Blidh (Healthy), Connor Knapp (Healthy)
Eamon McAdam (Healthy), Philippe Desrosiers (Healthy), Ville Husso (Healthy)
% Time on Ice - Mulligans
Lines # - Real PCT - Wanted PCT - Time Play
Normal Forward
1 - 34% - 40% - 18:18
2 - 25% - 30% - 13:07
3 - 25% - 20% - 13:28
4 - 16% - 10% - 8:18
Normal Defense
1 - 32% - 40% - 17:09
2 - 32% - 30% - 17:14
3 - 25% - 20% - 13:29
4 - 10% - 10% - 5:19
PP Forward
1 - 64% - 60% - 2:46
2 - 36% - 40% - 1:33
PP Defense
1 - 68% - 60% - 2:57
2 - 32% - 40% - 1:22
PK Forward
1 - 86% - 60% - 2:09
2 - 14% - 40% - 0:21
PK Defense
1 - 100% - 60% - 2:30
2 - 0% - 40% - 0:00
PK3 Forward
1 - 0% - 60%
2 - 0% - 40%
PK3 Defense
1 - 0% - 60%
2 - 0% - 40%
44 Forward
1 - 0% - 60%
2 - 0% - 40%
44 Defense
1 - 0% - 60%
2 - 0% - 40%
Last Minute Offensive - 0:00
Last Minute Defensive - 0:00
Total
Forward - 60:00
Defense - 60:00
|
% Time on Ice - Knights
Lines # - Real PCT - Wanted PCT - Time Play
Normal Forward
1 - 34% - 40% - 18:14
2 - 32% - 30% - 16:57
3 - 19% - 20% - 10:20
4 - 14% - 10% - 7:40
Normal Defense
1 - 41% - 40% - 21:58
2 - 31% - 30% - 16:17
3 - 20% - 20% - 10:48
4 - 8% - 10% - 4:08
PP Forward
1 - 81% - 60% - 2:02
2 - 19% - 40% - 0:28
PP Defense
1 - 0% - 60% - 0:00
2 - 100% - 40% - 2:30
PK Forward
1 - 74% - 60% - 3:11
2 - 26% - 40% - 1:08
PK Defense
1 - 68% - 60% - 2:56
2 - 32% - 40% - 1:23
PK3 Forward
1 - 0% - 60%
2 - 0% - 40%
PK3 Defense
1 - 0% - 60%
2 - 0% - 40%
44 Forward
1 - 0% - 60%
2 - 0% - 40%
44 Defense
1 - 0% - 60%
2 - 0% - 40%
Last Minute Offensive - 0:00
Last Minute Defensive - 0:00
Total
Forward - 60:00
Defense - 60:00
|
Play-by-Play
1st period
0:01 of 1st period - Nick Bonino wins face-off versus Cody Bass in neutral zone.
0:03 of 1st period - Off-side.
0:04 of 1st period - Cody Bass wins face-off versus Nick Bonino in neutral zone.
0:53 of 1st period - Michael Matheson is hit by Logan Shaw and loses puck.
1:02 of 1st period - Backhand shot by Linden Vey.
1:02 of 1st period - Shot Misses the Net.
2:00 of 1st period - Icing by Matt Beleskey.
2:01 of 1st period - Christoph Bertschy wins face-off versus Noel Acciari in Mulligans zone.
2:01 of 1st period - Christoph Bertschy is hit by Linden Vey.
2:13 of 1st period - Snap shot by Linden Vey.
2:13 of 1st period - Stopped by Calvin Pickard with a rebound.
2:20 of 1st period - Off-side.
2:21 of 1st period - Anton Lander wins face-off versus Cody Bass in neutral zone.
2:24 of 1st period - Ronalds Kenins is hit by Dalton Thrower.
2:34 of 1st period - Slapshot by Josh Bailey.
2:34 of 1st period - Stopped by Calvin Pickard with a rebound.
3:11 of 1st period - Slapshot by Linden Vey.
3:11 of 1st period - Shot Blocked by Matt Donovan.
3:13 of 1st period - Slapshot by Tomas Kundratek.
3:13 of 1st period - Shot Blocked by Eric Tangradi.
3:31 of 1st period - Logan Shaw is hit by Tomas Kundratek and loses puck.
3:58 of 1st period - Slapshot by Matt Beleskey.
3:58 of 1st period - Stopped by Ben Scrivens with a rebound.
4:14 of 1st period - Snap shot by Eric Tangradi.
4:14 of 1st period - Goal by Eric Tangradi - Mulligans : 1 - Knights : 0.
4:15 of 1st period - Noel Acciari wins face-off versus Nick Bonino in neutral zone.
4:54 of 1st period - Wrist shot by Ronalds Kenins.
4:54 of 1st period - Stopped by Calvin Pickard with a rebound.
5:01 of 1st period - Icing by Anton Lander.
5:02 of 1st period - Maxime Macenauer wins face-off versus Miro Aaltonen in Mulligans zone.
5:37 of 1st period - Snap shot by Nick Bonino.
5:37 of 1st period - Deflect By Eric Tangradi.
5:37 of 1st period - Stopped by Ben Scrivens with a rebound.
5:53 of 1st period - Wrist shot by Logan Shaw.
5:53 of 1st period - Shot Misses the Net.
6:09 of 1st period - Snap shot by Boone Jenner.
6:09 of 1st period - Shot Misses the Net.
6:29 of 1st period - Snap shot by Brandon Saad.
6:29 of 1st period - Deflect By Miro Aaltonen.
6:29 of 1st period - Stopped by Calvin Pickard without a rebound.
6:30 of 1st period - Miro Aaltonen wins face-off versus Maxime Macenauer in Mulligans zone.
6:51 of 1st period - Wrist shot by Maxime Macenauer.
6:51 of 1st period - Shot Misses the Net.
6:53 of 1st period - Slapshot by Cody Goloubef.
6:53 of 1st period - Deflect By Cody Bass.
6:53 of 1st period - Stopped by Ben Scrivens with a rebound.
7:40 of 1st period - Wrist shot by Boone Jenner.
7:40 of 1st period - Deflect By Pavel Buchnevich.
7:40 of 1st period - Shot Blocked by Cade Fairchild.
7:40 of 1st period - Puck is out of play.
7:41 of 1st period - Cody Bass wins face-off versus Anton Lander in Mulligans zone.
7:46 of 1st period - Snap shot by Cody Bass.
7:46 of 1st period - Shot Blocked by Matt Donovan.
7:54 of 1st period - Snap shot by Ronalds Kenins.
7:54 of 1st period - Shot Misses the Net.
7:56 of 1st period - Snap shot by Michael Matheson.
7:56 of 1st period - Shot Blocked by Matt Donovan.
8:28 of 1st period - Wrist shot by Drayson Bowman.
8:28 of 1st period - Goal by Drayson Bowman - Mulligans : 2 - Knights : 0.
8:29 of 1st period - Nick Bonino wins face-off versus Cody Bass in neutral zone.
10:23 of 1st period - Snap shot by Linden Vey.
10:23 of 1st period - Stopped by Calvin Pickard with a rebound.
10:42 of 1st period - Snap shot by Drayson Bowman.
10:42 of 1st period - Shot Blocked by Tom Wilson.
10:44 of 1st period - Snap shot by Anton Lander.
10:44 of 1st period - Shot Misses the Net.
11:42 of 1st period - Wrist shot by Logan Shaw.
11:42 of 1st period - Stopped by Ben Scrivens without a rebound.
11:43 of 1st period - Noel Acciari wins face-off versus Anton Lander in Knights zone.
11:48 of 1st period - Wrist shot by Michael Raffl.
11:48 of 1st period - Shot Misses the Net.
11:59 of 1st period - Snap shot by Anton Lander.
11:59 of 1st period - Stopped by Ben Scrivens with a rebound.
12:01 of 1st period - Slapshot by Ben Hutton.
12:01 of 1st period - Deflect By Noel Acciari.
12:01 of 1st period - Stopped by Ben Scrivens with a rebound.
12:03 of 1st period - Slapshot by Drayson Bowman.
12:03 of 1st period - Shot Misses the Net.
12:05 of 1st period - Snap shot by Drayson Bowman.
12:05 of 1st period - Goal by Drayson Bowman - Mulligans : 3 - Knights : 0.
12:06 of 1st period - Cody Bass wins face-off versus Nick Bonino in neutral zone.
12:13 of 1st period - Snap shot by Ronalds Kenins.
12:13 of 1st period - Shot Misses the Net.
13:20 of 1st period - Slapshot by Matt Donovan.
13:20 of 1st period - Stopped by Ben Scrivens with a rebound.
13:22 of 1st period - Slapshot by Matt Donovan.
13:22 of 1st period - Shot Misses the Net.
13:24 of 1st period - Snap shot by Christoph Bertschy.
13:24 of 1st period - Shot Misses the Net.
13:45 of 1st period - Icing by Ludwig Bystrom.
13:46 of 1st period - Cody Bass wins face-off versus Nick Bonino in Knights zone.
14:01 of 1st period - Wrist shot by Nick Bonino.
14:01 of 1st period - Stopped by Ben Scrivens without a rebound.
14:02 of 1st period - Michael Raffl wins face-off versus Anton Lander in Knights zone.
14:29 of 1st period - Eric Tangradi is hit by Josh Bailey and loses puck.
14:34 of 1st period - Wrist shot by Ronalds Kenins.
14:34 of 1st period - Shot Misses the Net.
14:36 of 1st period - Slapshot by Tomas Kundratek.
14:36 of 1st period - Stopped by Calvin Pickard with a rebound.
14:38 of 1st period - Slapshot by Zach Trotman.
14:38 of 1st period - Goal by Zach Trotman - Mulligans : 3 - Knights : 1.
14:39 of 1st period - Nick Bonino wins face-off versus Cody Bass in neutral zone.
14:52 of 1st period - Snap shot by Nick Bonino.
14:52 of 1st period - Shot Blocked by Cody Bass.
14:54 of 1st period - Slapshot by Matt Donovan.
14:54 of 1st period - Shot Blocked by Tomas Kundratek.
15:04 of 1st period - Logan Shaw is hit by Tomas Kundratek and loses puck.
15:09 of 1st period - Wrist shot by Linden Vey.
15:09 of 1st period - Deflect By Michael Raffl.
15:09 of 1st period - Shot Misses the Net.
15:09 of 1st period - Puck is out of play.
15:10 of 1st period - Nick Bonino wins face-off versus Noel Acciari in Mulligans zone.
15:23 of 1st period - Wrist shot by Jonathan Tremblay.
15:23 of 1st period - Stopped by Ben Scrivens without a rebound.
15:24 of 1st period - Cody Bass wins face-off versus Nick Bonino in Knights zone.
15:29 of 1st period - Wrist shot by Josh Bailey.
15:29 of 1st period - Goal by Josh Bailey - Mulligans : 3 - Knights : 2.
15:30 of 1st period - Nick Bonino wins face-off versus Cody Bass in neutral zone.
16:08 of 1st period - Snap shot by Michael Raffl.
16:08 of 1st period - Stopped by Calvin Pickard without a rebound.
16:09 of 1st period - Nick Bonino wins face-off versus Miro Aaltonen in Mulligans zone.
16:22 of 1st period - Snap shot by Miro Aaltonen.
16:22 of 1st period - Deflect By Tom Wilson.
16:22 of 1st period - Stopped by Calvin Pickard with a rebound.
16:24 of 1st period - Slapshot by Tomas Kundratek.
16:24 of 1st period - Shot Blocked by Cody Goloubef.
16:34 of 1st period - Tomas Kundratek is hit by Logan Shaw.
16:38 of 1st period - Wrist shot by Josh Bailey.
16:38 of 1st period - Shot Misses the Net.
16:40 of 1st period - Snap shot by Josh Bailey.
16:40 of 1st period - Shot Blocked by Anton Lander.
16:42 of 1st period - Wrist shot by Cody Bass.
16:42 of 1st period - Stopped by Calvin Pickard with a rebound.
17:00 of 1st period - Matt Donovan is hit by Michael Raffl and loses puck.
17:10 of 1st period - Icing by Matt Donovan.
17:11 of 1st period - Boone Jenner wins face-off versus Christoph Bertschy in Mulligans zone.
17:42 of 1st period - Snap shot by Matt Donovan.
17:42 of 1st period - Deflect By Jonathan Tremblay.
17:42 of 1st period - Stopped by Ben Scrivens without a rebound.
17:43 of 1st period - Nick Bonino wins face-off versus Cody Bass in Knights zone.
18:10 of 1st period - Minor Penalty to Zach Trotman for Roughing.
18:11 of 1st period - Ronalds Kenins wins face-off versus Nick Bonino in Knights zone.
18:36 of 1st period - Drayson Bowman is hit by Ronalds Kenins.
18:48 of 1st period - Josh Bailey is hit by Nick Bonino and loses puck.
19:33 of 1st period - Wrist shot by Matt Donovan.
19:33 of 1st period - Shot Misses the Net.
19:51 of 1st period - Slapshot by Nick Bonino.
19:51 of 1st period - Goal by Nick Bonino - Mulligans : 4 - Knights : 2.
19:51 of 1st period - Magnus Hellberg enters game.
19:52 of 1st period - Anton Lander wins face-off versus Ronalds Kenins in neutral zone.
19:59 of 1st period - Snap shot by Cody Bass.
19:59 of 1st period - Shot Misses the Net.
Goals for this period are 4 for Mulligans vs 2 for Knights.
Shots for this period are 14 for Mulligans vs 11 for Knights.
2nd period
0:01 of 2nd period - Nick Bonino wins face-off versus Cody Bass in neutral zone.
0:27 of 2nd period - Wrist shot by Miro Aaltonen.
0:27 of 2nd period - Shot Blocked by Cody Goloubef.
0:39 of 2nd period - Backhand shot by Eric Tangradi.
0:39 of 2nd period - Goal by Eric Tangradi - Mulligans : 5 - Knights : 2.
0:40 of 2nd period - Cody Bass wins face-off versus Anton Lander in neutral zone.
0:47 of 2nd period - Snap shot by Josh Bailey.
0:47 of 2nd period - Stopped by Calvin Pickard without a rebound.
0:48 of 2nd period - Cody Bass wins face-off versus Anton Lander in Mulligans zone.
0:55 of 2nd period - Slapshot by Ben Hutton.
0:55 of 2nd period - Deflect By Anton Lander.
0:55 of 2nd period - Shot Blocked by Zach Trotman.
0:55 of 2nd period - Puck is out of play.
0:56 of 2nd period - Nick Bonino wins face-off versus Noel Acciari in Knights zone.
1:11 of 2nd period - Snap shot by Eric Tangradi.
1:11 of 2nd period - Shot Misses the Net.
1:18 of 2nd period - Icing by Zach Trotman.
1:19 of 2nd period - Anton Lander wins face-off versus Cody Bass in Knights zone.
1:28 of 2nd period - Snap shot by Cody Bass.
1:28 of 2nd period - Deflect By Josh Bailey.
1:28 of 2nd period - Stopped by Calvin Pickard with a rebound.
1:41 of 2nd period - Icing by Zach Trotman.
1:42 of 2nd period - Nick Bonino wins face-off versus Cody Bass in Knights zone.
1:45 of 2nd period - Snap shot by Eric Tangradi.
1:45 of 2nd period - Stopped by Magnus Hellberg with a rebound.
1:47 of 2nd period - Wrist shot by Jonathan Tremblay.
1:47 of 2nd period - Stopped by Magnus Hellberg with a rebound.
1:49 of 2nd period - Backhand shot by Nick Bonino.
1:49 of 2nd period - Goal by Nick Bonino - Mulligans : 6 - Knights : 2.
1:50 of 2nd period - Nick Bonino wins face-off versus Noel Acciari in neutral zone.
1:53 of 2nd period - Linden Vey is hit by Nick Bonino and loses puck.
1:58 of 2nd period - Slapshot by Matt Donovan.
1:58 of 2nd period - Shot Misses the Net.
2:00 of 2nd period - Slapshot by Cody Goloubef.
2:00 of 2nd period - Shot Blocked by Tomas Kundratek.
2:02 of 2nd period - Wrist shot by Eric Tangradi.
2:02 of 2nd period - Stopped by Magnus Hellberg with a rebound.
2:12 of 2nd period - Minor Penalty to Michael Raffl for Hooking.
2:13 of 2nd period - Ronalds Kenins wins face-off versus Nick Bonino in Knights zone.
4:04 of 2nd period - Off-side.
4:05 of 2nd period - Nick Bonino wins face-off versus Scott Wilson in neutral zone.
4:12 of 2nd period - Penalty to Michael Raffl is over, Michael Raffl is back on ice.
4:30 of 2nd period - Slapshot by Miro Aaltonen.
4:30 of 2nd period - Stopped by Calvin Pickard with a rebound.
5:57 of 2nd period - Backhand shot by Cody Bass.
5:57 of 2nd period - Stopped by Calvin Pickard with a rebound.
5:59 of 2nd period - Snap shot by Cody Bass.
5:59 of 2nd period - Stopped by Calvin Pickard with a rebound.
6:01 of 2nd period - Slapshot by Tomas Kundratek.
6:01 of 2nd period - Deflect By Josh Bailey.
6:01 of 2nd period - Shot Misses the Net.
6:01 of 2nd period - Puck is out of play.
6:02 of 2nd period - Nick Bonino wins face-off versus Noel Acciari in Mulligans zone.
6:50 of 2nd period - Joonas Donskoi is hit by Miro Aaltonen and loses puck.
6:59 of 2nd period - Miro Aaltonen is hit by Maxime Macenauer and loses puck.
7:10 of 2nd period - Tom Wilson is hit by Michael Sdao and loses puck.
7:31 of 2nd period - Slapshot by Miro Aaltonen.
7:31 of 2nd period - Shot Blocked by Christoph Bertschy.
7:33 of 2nd period - Slapshot by Linden Vey.
7:33 of 2nd period - Shot Misses the Net.
7:41 of 2nd period - Michael Raffl is hit by Michael Sdao and loses puck.
8:49 of 2nd period - Snap shot by Cody Bass.
8:49 of 2nd period - Goal by Cody Bass - Mulligans : 6 - Knights : 3.
8:50 of 2nd period - Jonathan Tremblay wins face-off versus Noel Acciari in neutral zone.
9:15 of 2nd period - Anton Lander is hit by Tom Wilson and loses puck.
9:40 of 2nd period - A.J. Jenks is hit by Cade Fairchild and loses puck.
9:57 of 2nd period - Eric Tangradi is hit by Cody Bass and loses puck.
10:12 of 2nd period - Slapshot by Anton Lander.
10:12 of 2nd period - Stopped by Magnus Hellberg without a rebound.
10:13 of 2nd period - Noel Acciari wins face-off versus Anton Lander in Knights zone.
10:15 of 2nd period - Icing by Linden Vey.
10:16 of 2nd period - Eric Tangradi wins face-off versus Noel Acciari in Knights zone.
11:10 of 2nd period - Icing by Joonas Donskoi.
11:11 of 2nd period - Cody Bass wins face-off versus Maxime Macenauer in Mulligans zone.
11:24 of 2nd period - Wrist shot by Ronalds Kenins.
11:24 of 2nd period - Stopped by Calvin Pickard with a rebound.
11:26 of 2nd period - Wrist shot by Tomas Kundratek.
11:26 of 2nd period - Shot Blocked by Darren Dietz.
11:44 of 2nd period - Slapshot by Linden Vey.
11:44 of 2nd period - Stopped by Calvin Pickard with a rebound.
11:46 of 2nd period - Snap shot by Michael Raffl.
11:46 of 2nd period - Shot Misses the Net.
11:53 of 2nd period - Icing by Darren Dietz.
11:54 of 2nd period - Miro Aaltonen wins face-off versus Anton Lander in Mulligans zone.
11:55 of 2nd period - Wrist shot by Brandon Saad.
11:55 of 2nd period - Shot Blocked by Darren Dietz.
12:05 of 2nd period - Wrist shot by Drayson Bowman.
12:05 of 2nd period - Goal by Drayson Bowman - Mulligans : 7 - Knights : 3.
12:06 of 2nd period - Cody Bass wins face-off versus Jonathan Tremblay in neutral zone.
12:50 of 2nd period - Miro Aaltonen is hit by Maxime Macenauer and loses puck.
13:03 of 2nd period - Snap shot by Joonas Donskoi.
13:03 of 2nd period - Stopped by Magnus Hellberg with a rebound.
13:23 of 2nd period - Slapshot by Pavel Buchnevich.
13:23 of 2nd period - Shot Blocked by Michael Sdao.
14:01 of 2nd period - Snap shot by Drayson Bowman.
14:01 of 2nd period - Stopped by Magnus Hellberg without a rebound.
14:02 of 2nd period - Nick Bonino wins face-off versus Noel Acciari in Knights zone.
14:27 of 2nd period - Zach Trotman is hit by Logan Shaw and loses puck.
14:45 of 2nd period - Icing by Logan Shaw.
14:46 of 2nd period - Joonas Donskoi wins face-off versus Miro Aaltonen in Mulligans zone.
14:46 of 2nd period - Joonas Donskoi is hit by Brandon Saad.
15:00 of 2nd period - Snap shot by Sven Baertschi.
15:00 of 2nd period - Deflect By Joonas Donskoi.
15:00 of 2nd period - Shot Blocked by Miro Aaltonen.
15:00 of 2nd period - Puck is out of play.
15:01 of 2nd period - Nick Bonino wins face-off versus Cody Bass in Knights zone.
15:05 of 2nd period - Minor Penalty to Cody Bass for Cross-checking.
15:06 of 2nd period - Ronalds Kenins wins face-off versus Nick Bonino in Knights zone.
15:40 of 2nd period - Wrist shot by Logan Shaw.
15:40 of 2nd period - Shot Blocked by Ronalds Kenins.
15:42 of 2nd period - Snap shot by Anton Lander.
15:42 of 2nd period - Stopped by Magnus Hellberg with a rebound.
15:44 of 2nd period - Slapshot by Cody Goloubef.
15:44 of 2nd period - Deflect By Anton Lander.
15:44 of 2nd period - Goal by Anton Lander - Mulligans : 8 - Knights : 3.
15:44 of 2nd period - Ben Scrivens enters game.
15:45 of 2nd period - Noel Acciari wins face-off versus Nick Bonino in neutral zone.
15:54 of 2nd period - Wrist shot by Linden Vey.
15:54 of 2nd period - Stopped by Calvin Pickard without a rebound.
15:55 of 2nd period - Noel Acciari wins face-off versus Nick Bonino in Mulligans zone.
16:10 of 2nd period - Snap shot by Noel Acciari.
16:10 of 2nd period - Stopped by Calvin Pickard with a rebound.
16:12 of 2nd period - Snap shot by Noel Acciari.
16:12 of 2nd period - Goal by Noel Acciari - Mulligans : 8 - Knights : 4.
16:13 of 2nd period - Cody Bass wins face-off versus Nick Bonino in neutral zone.
16:38 of 2nd period - Josh Bailey is hit by Matt Donovan and loses puck.
17:07 of 2nd period - Snap shot by Josh Bailey.
17:07 of 2nd period - Shot Blocked by Cody Goloubef.
17:09 of 2nd period - Snap shot by Ronalds Kenins.
17:09 of 2nd period - Shot Misses the Net.
17:11 of 2nd period - Slapshot by Tomas Kundratek.
17:11 of 2nd period - Stopped by Calvin Pickard without a rebound.
17:12 of 2nd period - Noel Acciari wins face-off versus Nick Bonino in Mulligans zone.
17:18 of 2nd period - Snap shot by Linden Vey.
17:18 of 2nd period - Stopped by Calvin Pickard without a rebound.
17:19 of 2nd period - Nick Bonino wins face-off versus Noel Acciari in Mulligans zone.
17:32 of 2nd period - Snap shot by Jonathan Tremblay.
17:32 of 2nd period - Deflect By Eric Tangradi.
17:32 of 2nd period - Stopped by Ben Scrivens without a rebound.
17:33 of 2nd period - Miro Aaltonen wins face-off versus Anton Lander in Knights zone.
17:33 of 2nd period - Miro Aaltonen is hit by Logan Shaw.
17:59 of 2nd period - Wrist shot by Noel Acciari.
17:59 of 2nd period - Deflect By Linden Vey.
17:59 of 2nd period - Shot Misses the Net.
17:59 of 2nd period - Puck is out of play.
18:00 of 2nd period - Nick Bonino wins face-off versus Michael Raffl in Mulligans zone.
18:14 of 2nd period - Snap shot by Eric Tangradi.
18:14 of 2nd period - Stopped by Ben Scrivens without a rebound.
18:15 of 2nd period - Cody Bass wins face-off versus Anton Lander in Knights zone.
19:26 of 2nd period - Collin Miller is hit by Logan Shaw and loses puck.
19:31 of 2nd period - Snap shot by Drayson Bowman.
19:31 of 2nd period - Shot Misses the Net.
19:33 of 2nd period - Wrist shot by Drayson Bowman.
19:33 of 2nd period - Stopped by Ben Scrivens with a rebound.
19:35 of 2nd period - Slapshot by Cade Fairchild.
19:35 of 2nd period - Stopped by Ben Scrivens without a rebound.
19:36 of 2nd period - Nick Bonino wins face-off versus Cody Bass in Knights zone.
19:39 of 2nd period - Wrist shot by Eric Tangradi.
19:39 of 2nd period - Shot Misses the Net.
Goals for this period are 4 for Mulligans vs 2 for Knights.
Shots for this period are 15 for Mulligans vs 13 for Knights.
3rd period
0:01 of 3rd period - Nick Bonino wins face-off versus Cody Bass in neutral zone.
0:04 of 3rd period - Josh Bailey is hit by Eric Tangradi and loses puck.
0:25 of 3rd period - Cody Bass is hit by Sven Baertschi and loses puck.
0:30 of 3rd period - Snap shot by Maxime Macenauer.
0:30 of 3rd period - Deflect By Joonas Donskoi.
0:30 of 3rd period - Stopped by Ben Scrivens without a rebound.
0:31 of 3rd period - Noel Acciari wins face-off versus Maxime Macenauer in Knights zone.
1:17 of 3rd period - Noel Acciari is hit by Michael Sdao and loses puck.
2:29 of 3rd period - Slapshot by Linden Vey.
2:29 of 3rd period - Stopped by Calvin Pickard with a rebound.
2:43 of 3rd period - Wrist shot by Joonas Donskoi.
2:43 of 3rd period - Stopped by Ben Scrivens with a rebound.
3:05 of 3rd period - Slapshot by Joonas Donskoi.
3:05 of 3rd period - Shot Misses the Net.
3:07 of 3rd period - Wrist shot by Joonas Donskoi.
3:07 of 3rd period - Shot Misses the Net.
3:09 of 3rd period - Slapshot by Sven Baertschi.
3:09 of 3rd period - Shot Blocked by Zach Trotman.
3:11 of 3rd period - Snap shot by Maxime Macenauer.
3:11 of 3rd period - Shot Blocked by Tomas Kundratek.
3:43 of 3rd period - Ben Hutton is hit by Noel Acciari and loses puck.
4:28 of 3rd period - Snap shot by Linden Vey.
4:28 of 3rd period - Goal by Linden Vey - Mulligans : 8 - Knights : 5.
4:29 of 3rd period - Nick Bonino wins face-off versus Cody Bass in neutral zone.
4:36 of 3rd period - Backhand shot by Eric Tangradi.
4:36 of 3rd period - Shot Blocked by Michael Matheson.
4:41 of 3rd period - Minor Penalty to Jonathan Tremblay for Hooking.
4:42 of 3rd period - Nick Bonino wins face-off versus Cody Bass in Mulligans zone.
4:44 of 3rd period - Snap shot by Josh Bailey.
4:44 of 3rd period - Deflect By Cody Bass.
4:44 of 3rd period - Shot Blocked by Eric Tangradi.
4:44 of 3rd period - Puck is out of play.
4:45 of 3rd period - Nick Bonino wins face-off versus Cody Bass in Mulligans zone.
5:41 of 3rd period - Matt Beleskey is hit by Jordan Martinook and loses puck.
6:30 of 3rd period - Jaccob Slavin is hit by Drayson Bowman.
6:41 of 3rd period - Penalty to Jonathan Tremblay is over, Jonathan Tremblay is back on ice.
7:44 of 3rd period - Josh Bailey is hit by Jonathan Tremblay and loses puck.
8:15 of 3rd period - Drayson Bowman is hit by Tom Wilson and loses puck.
9:15 of 3rd period - Ben Hutton is hit by Tom Wilson and loses puck.
14:24 of 3rd period - Matt Donovan is hit by A.J. Jenks.
16:13 of 3rd period - Dalton Thrower is hit by Michael Raffl and loses puck.
16:56 of 3rd period - Logan Shaw is hit by Michael Matheson and loses puck.
17:42 of 3rd period - Snap shot by Tom Wilson.
17:42 of 3rd period - Shot Misses the Net.
17:48 of 3rd period - Jaccob Slavin is hit by Valeri Nichushkin and loses puck.
18:01 of 3rd period - Slapshot by Jaccob Slavin.
18:01 of 3rd period - Deflect By Ronalds Kenins.
18:01 of 3rd period - Stopped by Calvin Pickard without a rebound.
18:02 of 3rd period - Maxime Macenauer wins face-off versus Cody Bass in Mulligans zone.
18:12 of 3rd period - Off-side.
18:13 of 3rd period - Nick Bonino wins face-off versus Ronalds Kenins in neutral zone.
18:36 of 3rd period - Tomas Kundratek is hit by Eric Tangradi and loses puck.
18:45 of 3rd period - Snap shot by Eric Tangradi.
18:45 of 3rd period - Shot Misses the Net.
18:57 of 3rd period - Jonathan Tremblay is hit by Cody Bass and loses puck.
19:25 of 3rd period - Slapshot by Tomas Kundratek.
19:25 of 3rd period - Deflect By Josh Bailey.
19:25 of 3rd period - Shot Misses the Net.
19:25 of 3rd period - Puck is out of play.
19:26 of 3rd period - Anton Lander wins face-off versus Miro Aaltonen in Mulligans zone.
19:28 of 3rd period - Minor Penalty to Cody Goloubef for Cross-checking.
19:29 of 3rd period - Noel Acciari wins face-off versus Anton Lander in Mulligans zone.
Goals for this period are 0 for Mulligans vs 1 for Knights.
Shots for this period are 2 for Mulligans vs 3 for Knights.
Back to the Top